 Dungeon Crawl Stone Soup version 0.25.1-2-g60ff931df9 (webtiles) character file.

Game seed: 14319952131792639422

1633 Amplified the Vexing (level 8, 0/61 HPs)
             Began as a Gnoll Arcane Marksman on Oct 10, 2020.
             Was an Initiate of Okawaru.
             Succumbed to an orc's poison
             ... on level 5 of the Dungeon.
             The game lasted 00:11:25 (6017 turns).

Amplified the Vexing (Gnoll Arcane Marksman)        Turns: 6017, Time: 00:11:25

Health: 0/61       AC:  7    Str: 15    XL:     8   Next: 98%
Magic:  15/15      EV: 15    Int: 15    God:    Okawaru [......]
Gold:   281        SH:  0    Dex: 16    Spells: 15/16 levels left

rFire    . . .     SeeInvis .   l - +0 shortbow
rCold    . . .     Gourm    .   (shield currently unavailable)
rNeg     . . .     Faith    .   m - +1 leather armour {rPois}
rPois    +         Spirit   .   (no helmet)
rElec    .         Reflect  .   (no cloak)
rCorr    .         Harm     .   k - +2 pair of gloves
MR       .....                  (no boots)
Stlth    ++........             (no amulet)
HPRegen  0.20/turn              (no ring)
MPRegen  0.14/turn              (no ring)

@: lethally poisoned (0 -> -2)
A: distributed training, fangs 1, strong nose
a: Renounce Religion


You were on level 5 of the Dungeon.
You worshipped Okawaru.
Okawaru was noncommittal.
You were hungry.

You visited 2 branches of the dungeon, and saw 7 of its levels.

You collected 281 gold pieces.

Inventory:

Hand Weapons
 a - a +1 hand crossbow
 l - a +0 shortbow (weapon)
Missiles
 c - 94 arrows (quivered)
 d - 16 bolts
 e - 3 boomerangs
Armour
 h - a +0 ring mail
 k - a +2 pair of gloves (worn)
 m - a +1 leather armour of poison resistance (worn)
 o - the +4 plate armour of Dim Light {rC+ Int+4}
   (You found it on level 6 of the Dungeon)

   It affects your intelligence (+4).
   It protects you from cold.
Scrolls
 i - 2 scrolls of remove curse
 n - a scroll of identify
 p - a scroll of enchant weapon
Comestibles
 f - 8 rations
 g - 5 chunks of flesh


   Skills:
 + Level 4.5 Fighting
 + Level 3.6 Short Blades
 + Level 3.6 Long Blades
 + Level 3.6 Axes
 + Level 3.6 Maces & Flails
 + Level 3.6 Polearms
 + Level 3.6 Staves
 + Level 3.6 Slings
 + Level 3.6 Bows
 + Level 5.9 Crossbows
 + Level 3.6 Throwing
 + Level 3.6 Armour
 + Level 5.9 Dodging
 + Level 3.6 Stealth
 + Level 3.6 Shields
 + Level 3.6 Unarmed Combat
 + Level 4.7 Spellcasting
 + Level 3.0 Conjurations
 + Level 6.3 Hexes
 + Level 3.0 Charms
 + Level 3.0 Summonings
 + Level 3.0 Necromancy
 + Level 3.0 Translocations
 + Level 3.0 Transmutations
 + Level 3.0 Fire Magic
 + Level 3.0 Ice Magic
 + Level 3.0 Air Magic
 + Level 3.0 Earth Magic
 + Level 3.0 Poison Magic
 + Level 4.0 Invocations
 + Level 3.6 Evocations


You had 15 spell levels left.
You knew the following spells:

 Your Spells              Type           Power        Failure   Level  Hunger
a - Corona                Hex            ###....      1%          1    None

Your spell library contained the following spells:

 Spells                   Type           Power        Failure   Level  Hunger
 Slow                     Hex            ###.....     2%          2    ##.....
 Inner Flame              Hex/Fire       ###.....     9%          3    ###....
 Portal Projectile        Hex/Tloc       ###...       9%          3    ###....
 Cause Fear               Hex            ###.......   16%         4    ####...
 Leda's Liquefaction      Hex/Erth       ###.......   30%         4    ####...


Dungeon Overview and Level Annotations

Branches:
Dungeon (6/15)             Temple (1/1) D:6

Altars:
Cheibriados
Elyvilon
Fedhas
Gozag
Hepliaklqana
Makhleb
Nemelex Xobeh
Okawaru
Qazlal
Ru
Sif Muna
Uskayaw
Vehumet
Wu Jian
Xom
Yredelemnul
Zin
The Shining One


Innate Abilities, Weirdness & Mutations

Your experience applies equally to all skills.
You have very sharp teeth.
Your uncanny sense of smell can sniff out nearby items.


Message History

* * * LOW HITPOINT WARNING * * *
You feel sick.
* * * LOW HITPOINT WARNING * * *
You feel sick.
Okay, then.
Okay, then.
You feel magically purged.
You aren't carrying any pieces of jewellery.
Unknown command.
Okay, then.
Okay, then.
Okay, then.
Okay, then.
* * * LOW HITPOINT WARNING * * *
You feel sick.
* * * LOW HITPOINT WARNING * * *
You feel sick.
* * * LOW HITPOINT WARNING * * *
You feel sick.
You die...

.................###...#####.....
...............### #...# ##....
..............## #...# #....
..............# #...# ##...
..............# #...# #...
.(...........## #...# *#...
.............# #...# **....
............########...# **,,,,*
,,,,............@......#***,,,,**
,,,,....................**,,,,**
,,,,......############..,,,,,**
,,,,......** *,,,,,,** *
,,,,..##..,* *,,,,,,,****
,,,,#**##,,** *,,,,,,,,**, **,**
**,,* *,,*****,,,, **,* **,**
**,** ***,, *** **,* *,** **,


There were no monsters in sight!

Vanquished Creatures
  Eustachio (D:4)
  Menkaure (D:6)
  A sky beast (D:6)
  4 centaurs
  A bullfrog (D:6)
  3 scorpions
  A howler monkey (D:6)
  A crimson imp (D:6)
  2 orc wizards (D:4)
  An orc priest (D:6)
  Jessica (D:2)
  2 iguanas
  8 worker ants
  4 hound skeletons
  A worker ant zombie (D:6)
  4 gnolls (D:2)
  2 howler monkey skeletons (D:4)
  5 adders
  3 river rats (D:3)
  An adder skeleton (D:4)
  An adder zombie (D:5)
  2 worms
  3 dart slugs (D:2)
  6 leopard geckos
  14 orcs
  5 ball pythons
  7 bats
  4 giant cockroaches
  9 goblins
  3 hobgoblins
  12 jackals
  3 quokkas
  9 frilled lizards
  6 kobolds
  A leopard gecko skeleton (D:4)
  10 rats
142 creatures vanquished.

Notes
Turn   | Place    | Note
-------+----------+-------------------------------------------
     0 | D:1      | Amplified the Gnoll Arcane Marksman began the quest for the
                  | Orb.
     0 | D:1      | Reached XP level 1. HP: 17/17 MP: 4/4
   138 | D:1      | Reached XP level 2. HP: 23/23 MP: 5/5
   907 | D:1      | Reached XP level 3. HP: 22/28 MP: 7/7
  1207 | D:2      | Noticed Jessica
  1209 | D:2      | Reached skill level 1 in Invocations
  1210 | D:2      | Killed Jessica
  1210 | D:2      | Reached skill level 1 in Short Blades
  1210 | D:2      | Reached skill level 1 in Long Blades
  1210 | D:2      | Reached skill level 1 in Axes
  1210 | D:2      | Reached skill level 1 in Maces & Flails
  1210 | D:2      | Reached skill level 1 in Polearms
  1210 | D:2      | Reached skill level 1 in Staves
  1210 | D:2      | Reached skill level 1 in Slings
  1210 | D:2      | Reached skill level 1 in Bows
  1210 | D:2      | Reached skill level 1 in Throwing
  1210 | D:2      | Reached skill level 1 in Armour
  1210 | D:2      | Reached skill level 1 in Stealth
  1210 | D:2      | Reached skill level 1 in Shields
  1210 | D:2      | Reached skill level 1 in Unarmed Combat
  1210 | D:2      | Reached skill level 1 in Evocations
  1210 | D:2      | Reached XP level 4. HP: 34/34 MP: 8/8
  1382 | D:4      | Found a snail-covered altar of Cheibriados.
  1516 | D:4      | Reached skill level 1 in Conjurations
  1516 | D:4      | Reached skill level 1 in Charms
  1516 | D:4      | Reached skill level 1 in Summonings
  1516 | D:4      | Reached skill level 1 in Necromancy
  1516 | D:4      | Reached skill level 1 in Translocations
  1516 | D:4      | Reached skill level 1 in Transmutations
  1516 | D:4      | Reached skill level 1 in Fire Magic
  1516 | D:4      | Reached skill level 1 in Ice Magic
  1516 | D:4      | Reached skill level 1 in Air Magic
  1516 | D:4      | Reached skill level 1 in Earth Magic
  1516 | D:4      | Reached skill level 1 in Poison Magic
  1598 | D:4      | Reached XP level 5. HP: 39/40 MP: 9/9
  1786 | D:4      | Noticed Eustachio
  1811 | D:5      | Entered Level 5 of the Dungeon
  2050 | D:5      | Found a shimmering blue altar of Sif Muna.
  2111 | D:5      | Noticed a water moccasin
  2121 | D:6      | Found a radiant altar of Vehumet.
  2299 | D:6      | Noticed a centaur
  2316 | D:6      | Killed a centaur
  2316 | D:6      | Reached XP level 6. HP: 27/47 MP: 9/11
  2326 | D:6      | Reached skill level 5 in Crossbows
  2326 | D:6      | Reached skill level 5 in Dodging
  2425 | D:6      | Reached XP level 7. HP: 18/52 MP: 12/12
  3010 | D:6      | Found a burning altar of Makhleb.
  3387 | D:6      | Noticed Menkaure
  3393 | D:6      | Killed Menkaure
  3393 | D:6      | Reached XP level 8. HP: 43/60 MP: 12/14
  3517 | D:6      | Reached skill level 6 in Hexes
  3530 | D:6      | Found a staircase to the Ecumenical Temple.
  3586 | Temple   | Entered the Ecumenical Temple
  4083 | D:6      | Got a heavily runed plate armour
  4286 | D:4      | Killed Eustachio
  4856 | D:3      | Found a hazy altar of Hepliaklqana.
  4956 | D:3      | Identified the +4 plate armour of Dim Light {rC+ Int+4}
                  | (You found it on level 6 of the Dungeon)
  4979 | D:3      | Found an iron altar of Okawaru.
  4987 | D:3      | Became a worshipper of Warmaster Okawaru
  5067 | D:3      | Found a glowing silver altar of Zin.
  5070 | D:3      | Found an opulent altar of Gozag.
  5534 | D:2      | Found a hide-covered altar of Uskayaw.
  6007 | D:5      | HP: 3/61 [poisoned by an orc]
  6012 | D:5      | HP: 1/61 [poisoned by an orc]
  6017 | D:5      | Succumbed to an orc's poison

Illustrated notes

Levels and vault maps discovered:
D:1:      eino_arrival_tree_alley, layout_rooms, feat_on_display
D:2:      layout_basic, eat_drink_and_be_merry_uskayaw, lemuel_statue_altar,
          uniq_jessica
D:3:      layout_basic, grunt_temple_overflow_gold_and_silver,
          old_standard_altar, kennysheep_okawaru_gauntlet, portal_sewer_entry_e,
          first_ration
D:4:      layout_gridville, lemuel_doored_altar, uniq_eustachio
D:5:      layout_layer_cave, lemuel_blue_sif_altar, nicolae_ossuary_entry_plus
D:6:      layout_loops_cross, marbit_many_paths, fiery_altar_vehumet,
          minmay_temple_entry_waves, uniq_menkaure
Temple:   jpeg_temple_island

Skill      XL: |  1  2  3  4  5  6  7  8 |
---------------+-------------------------+-----
Invocations    | 1 2 3 4 |  4.0
Short Blades   | 1 2 3 |  3.6
Long Blades    | 1 2 3 |  3.6
Axes           | 1 2 3 |  3.6
Maces & Flails | 1 2 3 |  3.6
Polearms       | 1 2 3 |  3.6
Staves         | 1 2 3 |  3.6
Slings         | 1 2 3 |  3.6
Bows           | 1 2 3 |  3.6
Throwing       | 1 2 3 |  3.6
Armour         | 1 2 3 |  3.6
Stealth        | 1 2 3 |  3.6
Shields        | 1 2 3 |  3.6
Unarmed Combat | 1 2 3 |  3.6
Evocations     | 1 2 3 |  3.6
Spellcasting   | 3 4 |  4.7
Conjurations   | 1 2 3 |  3.0
Charms         | 1 2 3 |  3.0
Summonings     | 1 2 3 |  3.0
Necromancy     | 1 2 3 |  3.0
Translocations | 1 2 3 |  3.0
Transmutations | 1 2 3 |  3.0
Fire Magic     | 1 2 3 |  3.0
Ice Magic      | 1 2 3 |  3.0
Air Magic      | 1 2 3 |  3.0
Earth Magic    | 1 2 3 |  3.0
Poison Magic   | 1 2 3 |  3.0
Fighting       | 3 4 |  4.5
Crossbows      | 5 |  5.9
Dodging        | 5 |  5.9
Hexes          | 6 |  6.3

Action                   |  1- 3 |  4- 6 |  7- 9 || total
-------------------------+-------+-------+-------++-------
Melee: Unarmed           |       |     5 |       ||     5
       Bite              |       |     1 |       ||     1
 Fire: Hand crossbow     |    75 |   122 |   188 ||   385
       Shortbow          |       |       |   124 ||   124
Throw: Boomerang         |       |       |    10 ||    10
  Use: Scroll            |     1 |     6 |     6 ||    13
       Potion            |     1 |     4 |     4 ||     9
  Eat: Chunk             |     1 |     2 |     5 ||     8
       Ration            |       |     1 |     1 ||     2
Armor: Robe              |     2 |       |       ||     2
       Ring mail         |    16 |    13 |    23 ||    52
       Skin              |     4 |    26 |    11 ||    41
       Plate armour      |       |       |    84 ||    84
Dodge: Dodged            |    30 |    65 |    99 ||   194
